 Dungeon Crawl Stone Soup version 0.31-a0-806-g0bc164a743 (webtiles) character file.

Game seed: 14450347253348868086

86 Gargoyl the Trooper (level 4, -1/29 HPs)
             Began as a Gargoyle Berserker on Sept 21, 2023.
             Was a Believer of Trog.
             Blown up by Ijyb (14 damage)
             ... with a mindburst bolt
             ... on level 3 of the Dungeon.
             The game lasted 00:03:28 (1556 turns).

Gargoyl the Trooper (Gargoyle Berserker)            Turns: 1556, Time: 00:03:28

Health: -1/29      AC: 10    Str: 20    XL:     4   Next: 49%
Magic:  4/4        EV: 10    Int:  6    God:    Trog [**....]
Gold:   97         SH:  0    Dex: 15    Spells: 3/3 levels left

rFire   . . .        a - +0 hand axe
rCold   . . .        (no shield)
rNeg    + . .        g - +0 scale mail
rPois   ∞            (no helmet)
rElec   +            (no cloak)
rCorr   +            (no gloves)
SInv    .            (no boots)
Will    .....        (no amulet) Stlth
                     f - ring of resist corrosion
HPRegen 0.24/turn    (no ring)
MPRegen 0.09/turn

%: no passive effects
@: no status effects
A: sickness immunity, AC +3, negative energy resistance 1, electricity
resistance, torment resistance 1, petrification resistance, agile 1, sense
surroundings 1
a: Renounce Religion, Berserk, Trog's Hand


You were on level 3 of the Dungeon.
You worshipped Trog.
Trog was pleased with you.
You visited 1 branch of the dungeon, and saw 3 of its levels.

You collected 97 gold pieces.

Inventory:

Hand Weapons
 a - a +0 hand axe (weapon)
 k - a +0 war axe
Armour
 g - a +0 scale mail (worn)
Jewellery
 f - a ring of resist corrosion (left hand)
Scrolls
 b - a scroll of fear
 c - 2 scrolls of teleportation
 i - 2 scrolls of identify
Potions
 d - a potion of mutation
 e - 6 potions of curing {unknown}
 h - a potion of ambrosia {unknown}
 j - a potion of degeneration {unknown}


   Skills:
 + Level 4.1 Fighting
 + Level 3.7 Axes
 + Level 2.4 Armour
 + Level 2.0 Dodging
 + Level 0.4 Stealth


You had 3 spell levels left.
You didn't know any spells.
Your spell library was empty.

Dungeon Overview and Level Annotations

Branches:
Dungeon (3/15)

Altars:

Shops:
D:1 :

Annotations:
D:3 1 transporter, Ijyb


Innate Abilities, Weirdness & Mutations

You are immune to sickness and miasma.
Your stone body is resilient. (AC +3)
You are immune to poison.
You resist negative energy. (rN+)
You are resistant to electric shocks. (rElec)
You are resistant to unholy torment.
You are immune to petrification.
You are agile. (Dex +4, Str/Int -1)
You passively map a small area around you.


Message History

Found a robe.
A quokka is nearby!
The quokka bites you.
You hit the quokka.
The quokka is heavily wounded.
The quokka closely misses you.
You barely miss the quokka.
The quokka is heavily wounded.
The quokka bites you but does no damage.
The quokka bites you.
You hit the quokka.
You kill the quokka!
Trog accepts your kill.
Unknown command.
You hear the slow rusting of a drain nearby.
c - 2 scrolls of teleportation (gained 1)
You now have 97 gold pieces (gained 12).
e - 6 orange potions (gained 2)
You hear the rusting of a drain nearby.
i - 2 scrolls of identify (gained 1)
An orc comes into view. It is wielding a +0 whip.
An orc is nearby!
An orc is nearby!
The orc misses you.
You hit the orc.
The orc is moderately wounded.
The orc barely misses you.
You hit the orc.
You kill the orc!
Trog accepts your kill.
Found 7 gold pieces.
Things that are here:
a +0 whip; a +0 leather armour Ijyb the Twisted Goblin comes into view.
She is wielding a +0 club and carrying a wand of mindburst.
Ijyb shouts!
Ijyb hits you but does no damage.
Ijyb zaps a wand.
Your mind is blasted!
Ouch! That really hurt!
Ijyb zaps a wand.
Your mind is blasted!
You die...

#### ...# ### #####
##.####.. ...#
#.....#.#####g##########
#..##.#.#!..)...@.......
#...#.#.#...#.#########.
#.....#.#.#.#.#, *
#...###.###.#.#,
............#.# *
#.#####.#####.# * * *
#.......# , .$# *
#########, ### * * * # *


You could see Ijyb.

Vanquished Creatures
  3 adders
  A dart slug (D:2)
  4 orcs (D:3)
  4 ball pythons
  4 bats
  6 endoplasms
  3 giant cockroaches
  5 goblins
  7 hobgoblins
  3 kobolds
  A quokka (D:3)
  4 frilled lizards
  4 rats
49 creatures vanquished.

Notes
Turn   | Place    | Note
-------+----------+-------------------------------------------
     0 | D:1      | Gargoyl the Gargoyle Berserker began the quest for the Orb.
     0 | D:1      | Reached XP level 1. HP: 14/14 MP: 1/1
    80 | D:1      | Noticed a walking divine tome
    86 | D:1      | Found Cits's Book Shop.
    92 | D:1      | Reached XP level 2. HP: 11/19 MP: 2/2
    93 | D:1      | Noticed a walking frostbound tome
   691 | D:2      | Reached XP level 3. HP: 21/24 MP: 3/3
   937 | D:2      | Reached ** piety under Trog
   938 | D:2      | Reached skill level 4 in Fighting
  1127 | D:2      | Reached XP level 4. HP: 29/29 MP: 4/4
  1281 | D:3      | Gained mutation: You are agile. (Dex +4, Str/Int -1)
                  | [potion of mutation]
  1281 | D:3      | Gained mutation: You passively map a small area around you.
                  | [potion of mutation]
  1296 | D:3      | Found a transporter.
  1553 | D:3      | Noticed Ijyb
  1556 | D:3      | Blown up by Ijyb

Illustrated notes

Levels and vault maps discovered:
D:1:      orjb1_clovarrival, layout_loops_ring, serial_shops,
          nicolae_shop_mannequins, chequers_avenue
D:2:      layout_basic, minmay_misc_feat_diagonals
D:3:      layout_basic, gup_sewer_entry_bowl, gammafunk_ghost_mausoleum,
          grunt_decor_clamped, minmay_between, uniq_ijyb

Skill      XL: |  1  2  3  4 |
---------------+-------------+-----
Axes           | 3 |  3.7
Fighting       | 4 |  4.1
Dodging        | 2 |  2.0
Armour         | |  2.4
Stealth        | |  0.4

Action                     |  1- 3 |  4- 6 || total
---------------------------+-------+-------++-------
  Melee: Hand axe          |   121 |    31 ||   152
 Invoke: Berserk           |     1 |       ||     1
    Use: Scroll            |     3 |     1 ||     4
         Potion            |       |     1 ||     1
 Armour: Animal skin       |    84 |     4 ||    88
         Scale mail        |       |    21 ||    21
  Dodge: Dodged            |    83 |    24 ||   107

Table legend: (Time is in decaauts)
 A = Elapsed time spent in this place.
 B = Non-inter-level travel time spent in this place.
 C = Inter-level travel time spent in this place.
 D = Time resting spent in this place.
 E = Time spent auto-exploring this place.
 F = Levels seen in this place.
 G = Mean time per level.
                   A        B        C        D        E       F      G
               +--------+--------+--------+--------+--------+-----+--------+
         Total |   1607 |   1575 |     32 |      0 |   1038 |   3 |  535.7 |
       Dungeon |   1607 |   1575 |     32 |      0 |   1038 |   3 |  535.7 |
               +--------+--------+--------+--------+--------+-----+--------+

Top non-repeatable levels by time:
     D:1: 697 daAuts
     D:2: 629 daAuts
     D:3: 281 daAuts
